 Dungeon Crawl Stone Soup version 0.31.0-9-g3a7656b989 (webtiles) character file.

Game seed: 9207822093451510062

345 qw the Shooter (level 6, 0/32 HPs)
             Began as a Spriggan Hunter on Feb 2, 2024.
             Slain by a white imp (2 damage)
             ... on level 6 of the Dungeon.
             The game lasted 00:00:09 (2107 turns).

qw the Shooter (Spriggan Hunter)                    Turns: 2107, Time: 00:00:09

Health: 0/32       AC:  4    Str:  7    XL:     6   Next: 32%
Magic:  7/7        EV: 20    Int: 11    God:
Gold:   194        SH:  0    Dex: 20    Spells: 5/5 levels left

rFire   + . .        a - +0 shortbow
rCold   + . .        (shield currently unavailable)
rNeg    . . .        i - +2 robe {rC+ rF+}
rPois   .            (helmet restricted)
rElec   .            (no cloak)
rCorr   .            (gloves unavailable)
SInv    +            (boots unavailable)
Will    +....        (no amulet)
Stlth   ++           (no ring)
HPRegen 0.25/turn    (no ring)
MPRegen 0.10/turn

%: no passive effects
@: very quick
A: very small, no large weapons, unfitting armour, see invisible, speed 3
a: no special abilities


You were on level 6 of the Dungeon.
You visited 1 branch of the dungeon, and saw 5 of its levels.

You collected 194 gold pieces.


Innate Abilities, Weirdness & Mutations

You are very small and have problems with some larger weapons.
You are too small for most types of armour.
You have supernaturally acute eyesight. (SInv)
You cover ground extremely quickly. (Speed+++)


   Skills:
 - Level 2.8 Fighting
 - Level 6.1 Ranged Weapons
 + Level 5.4 Dodging
 - Level 1.5 Stealth


You had 5 spell levels left.
You didn't know any spells.
Your spell library was empty.

Inventory:

Hand Weapons
 a - a +0 shortbow (weapon)
Armour
 i - a +2 robe of resistance (worn)
Wands
 b - a wand of flame (27)
Potions
 f - a potion of might

Dungeon Overview and Level Annotations

Branches:
Dungeon (6/15)
 Temple: D:4-7

Altars:
Qazlal


Message History

You shoot an arrow. The arrow closely misses the bullfrog.
The bullfrog misses you. The bullfrog barely misses you.
You shoot an arrow. The arrow closely misses the white imp.
The bullfrog hits you!
The white imp hits you but does no damage.
The bullfrog hits you.
You shoot an arrow.
The arrow hits the white imp but does no damage.
The white imp is moderately wounded.
The bullfrog barely misses you. The white imp closely misses you.
You shoot an arrow. The arrow barely misses the white imp.
The bullfrog hits you. The white imp barely misses you.
The bullfrog barely misses you.
You shoot an arrow. The arrow closely misses the white imp.
The bullfrog misses you. The white imp hits you. The white imp freezes you.
You resist.
You shoot an arrow. The arrow hits the white imp.
The white imp is almost dead.
The bullfrog misses you. The white imp gestures at you.
The puff of frost hits you. You resist. The bullfrog barely misses you.
You shoot an arrow.
The arrow hits the white imp but does no damage.
The white imp is almost dead.
The bullfrog closely misses you. The white imp misses you.
The bullfrog hits you.
You shoot an arrow. The arrow closely misses the white imp.
The bullfrog completely misses you. The white imp gestures at you.
The puff of frost hits you. You resist.
You shoot an arrow. The arrow closely misses the white imp.
The bullfrog completely misses you. The white imp gestures at you.
The puff of frost hits you. You resist. The bullfrog closely misses you.
You shoot an arrow. The arrow closely misses the white imp.
The bullfrog hits you but does no damage.
The white imp gestures at you. The puff of frost misses you.
The bullfrog completely misses you. The white imp hits you.
You die...

#........
#........
#........
#........ #....
#........ #....
#........ #....
#.F......###+#....
#@5...............
#.................
#.................
#.............%...
#.............####
#.............#..#
#.............#..#
#........#'####..#
#........'....'..#


You could see a bullfrog and a white imp.

Vanquished Creatures
  A phantom (D:5)
  A scorpion (D:3)
  A jelly (D:5)
  An orc priest (D:6)
  Jessica (D:3)
  An orc wizard (D:6)
  Robin (D:3)
  A gnoll (D:1)
  3 adders
  A dart slug (D:2)
  2 orcs (D:3)
  4 bats
  6 endoplasms
  9 goblins
  5 hobgoblins
  4 quokkas
  3 ball pythons
  4 frilled lizards
  6 kobolds
  5 rats
60 creatures vanquished.

Notes
Turn   | Place    | Note
-------+----------+-------------------------------------------
     0 | D:1      | qw the Spriggan Hunter began the quest for the Orb.
     0 | D:1      | Reached XP level 1. HP: 10/10 MP: 2/2
     0 | D:1      | 0 ||| qw: Version: 0.3-a-155-g5e7d8dd
     0 | D:1      | 0 ||| qw: Game counter: 1540
     0 | D:1      | 0 ||| qw: Melee chars always use a shield: true
     0 | D:1      | 0 ||| qw: God list: Okawaru
     0 | D:1      | 0 ||| qw: Allow faded altars: false
     0 | D:1      | 0 ||| qw: Do Orc after clearing Dungeon:15 true
     0 | D:1      | 0 ||| qw: Do second Lair branch before Depths: true
     0 | D:1      | 0 ||| qw: Lair rune preference: random
     0 | D:1      | 0 ||| qw: Goals: Normal
     0 | D:1      | 0 ||| PLANNING D:1-11
    47 | D:1      | Reached skill level 3 in Dodging
   171 | D:1      | Reached XP level 2. HP: 14/14 MP: 3/3
   623 | D:1      | 623 ||| READING 2 scrolls labelled MOXINUL LUSONN.
   624 | D:1      | 624 ||| READING scroll labelled COATOC FORUUKK.
   648 | D:1      | 648 ||| READING scroll labelled IPPACE WAW FAH.
   649 | D:1      | 649 ||| READING scroll labelled VAMOSCH IL DYT.
   650 | D:1      | 650 ||| DRINKING 2 viscous coppery potions.
   651 | D:1      | 651 ||| DROPPING scroll of butterflies.
   652 | D:1      | 652 ||| DROPPING scroll of noise.
   679 | D:2      | 679 ||| STAIRDANCE
   686 | D:1      | Reached XP level 3. HP: 14/18 MP: 4/4
  1185 | D:2      | Found a faded altar of an unknown god.
  1190 | D:2      | 1190 ||| DRINKING 2 glowing golden potions.
  1191 | D:2      | 1191 ||| DROPPING potion of degeneration.
  1222 | D:3      | Found the +10 dark maul {heavy}
  1225 | D:3      | 1225 ||| STAIRDANCE
  1229 | D:2      | Reached skill level 5 in Ranged Weapons
  1241 | D:3      | Reached XP level 4. HP: 22/22 MP: 5/5
  1325 | D:3      | Noticed a scorpion
  1326 | D:3      | 1326 ||| ZAPPING wand of paralysis (8) at -3,-6 (scorpion;
                  | floor).
  1334 | D:3      | Killed a scorpion
  1336 | D:3      | Identified the +0 helmet "Goebeco" {rElec Str+5 Dex-5 SInv}
  1336 | D:3      | Noticed Robin
  1349 | D:3      | Noticed Jessica
  1351 | D:3      | Killed Robin
  1352 | D:3      | Reached XP level 5. HP: 16/28 MP: 6/6
  1359 | D:3      | HP: 7/28 [Jessica/+2 dagger of venom (4)]
  1362 | D:3      | HP: 2/28 [goblin/+0 club[Robin] (2)]
  1364 | D:3      | Killed Jessica
  1409 | D:3      | 1409 ||| FLEEEEING.
  1410 | D:3      | 1410 ||| FLEEEEING.
  1490 | D:3      | You fall into a shaft and drop 2 floors!
  1490 | D:5      | Entered Level 5 of the Dungeon
  1557 | D:5      | Noticed a phantom
  1558 | D:5      | 1558 ||| ZAPPING wand of paralysis (7) at 0,-6 (phantom;
                  | floor).
  1559 | D:5      | 1559 ||| ZAPPING wand of paralysis (6) at 0,-5 (phantom;
                  | floor).
  1560 | D:5      | 1560 ||| ZAPPING wand of paralysis (5) at 0,-4 (phantom;
                  | floor).
  1561 | D:5      | 1561 ||| ZAPPING wand of paralysis (4) at 0,-3 (phantom;
                  | floor).
  1562 | D:5      | 1562 ||| ZAPPING wand of paralysis (3) at 0,-2 (phantom;
                  | floor).
  1563 | D:5      | 1563 ||| ZAPPING wand of paralysis (2) at 0,-1 (phantom;
                  | floor).
  1564 | D:5      | 1564 ||| ZAPPING wand of paralysis (1) at 0,-1 (phantom;
                  | floor).
  1572 | D:5      | Killed a phantom
  1643 | D:5      | Reached XP level 6. HP: 32/32 MP: 7/7
  1834 | D:5      | 1834 ||| DROPPING scarf of invisibility.
  1835 | D:5      | 1835 ||| UPGRADING to +2 robe of resistance.
  1845 | D:5      | 1845 ||| DROPPING +0 robe.
  1846 | D:5      | 1846 ||| READING scroll labelled QIDWEXZ MYCVE.
  1846 | D:5      | 1846 ||| IDENTIFYING metallic dark potion
  1847 | D:5      | 1847 ||| DROPPING potion of attraction.
  1897 | D:6      | Found a stormy altar of Qazlal.
  1922 | D:6      | 1922 ||| DRINKING bubbling inky potion.
  1932 | D:6      | Reached skill level 6 in Ranged Weapons
  2105 | D:6      | HP: 7/32 [white imp/puff of frost (3)]
  2106 | D:6      | HP: 2/32 [white imp/puff of frost (5)]
  2107 | D:6      | Slain by a white imp

Levels and vault maps discovered:
D:1:      dpeg_arrival_rooms_c, layout_loops_ring
D:2:      layout_rooms, dreamdust_ecumenical_altar_hidden_monk_grotto
D:3:      layout_loops_ring, serial_shops, nicolae_shop_real_fake_doors,
          uniq_jessica, uniq_robin
D:5:      layout_basic, serial_bayou_lake_a, uniq_ijyb
D:6:      layout_gridville, mainiacjoe_overflow_chevrons

Skill      XL: |  1  2  3  4  5  6 |
---------------+-------------------+-----
Dodging        | 4 5 |  5.4
Ranged Weapons | 5 6 |  6.1
Fighting       | 2 |  2.8
Stealth        | |  1.5

Action                     |  1- 3 |  4- 6 || total
---------------------------+-------+-------++-------
   Fire: Shortbow          |   102 |    93 ||   195
  Evoke: Wand              |       |     8 ||     8
    Use: Scroll            |     4 |     1 ||     5
         Potion            |     2 |     1 ||     3
 Armour: Robe              |     9 |    27 ||    36
  Dodge: Dodged            |    25 |    57 ||    82

Table legend:
 A = Non-vault XP
 B = Vault XP
 C = Vault XP percentage of total XP
 D = Non-vault monster count
 E = Vault monster count
 F = Vault count percentage of total count
                 A         B        C        D         E       F
            +---------+---------+-------+---------+---------+-------
      Total |     429 |      64 |  13.0 |      52 |       8 |  13.3
            +---------+---------+-------+---------+---------+-------
        D:1 |      39 |       0 |   0.0 |      18 |       0 |   0.0
        D:2 |      55 |       0 |   0.0 |      20 |       0 |   0.0
        D:3 |      95 |      64 |  40.3 |       9 |       8 |  47.1
        D:5 |     148 |       0 |   0.0 |       2 |       0 |   0.0
        D:6 |      92 |       0 |   0.0 |       3 |       0 |   0.0
            +---------+---------+-------+---------+---------+-------
